AoeStats
← Scabby flute

Black Forest

507564416Analyzed
2v2 RM · 13d ago on Sep 18, 2026· 48m 49s· 4 players
Game mode
Random Map
Map size
Medium (4 player)
Population
200
Speed
Normal
Resources
Standard
Victory
Conquest
Starting age
Dark Age
Ending age
Imperial Age
RankedLock teamsTeams togetherTeam positionsShared explorationLock speedFull tech treeHidden civsTurbo modeCheats
Victory
Defeat
🇵🇪 Romans · Peru
658
+16
🇵🇪 Chinese · Peru
629
+18
🇬🇧 Romans · United Kingdom
717
-49
🇬🇧 Khmer · United Kingdom
615
-29
A†ilA
0:29 Loom
13:53 Feudal Age
15:09 Wheelbarrow
15:50 Double-Bit Axe
26:01 Castle Age
25:09 Fletching
25:20 Padded Archer Armor
27:04 Bodkin Arrow
28:19 Bow Saw
28:46 Caravan
32:35 Leather Archer Armor
35:51 Imperial Age
34:45 Hand Cart
35:37 Horse Collar
35:54 Gold Mining
35:56 Stone Mining
38:40 Conscription
39:53 Two-Man Saw
38:59 Heavy Plow
40:08 Bracer
40:38 Ring Archer Armor
41:56 Bloodlines
41:48 Husbandry
46:02 Light Cavalry
48:06 Chemistry
47:27 Ballistics
TIMVP
1:30 Loom
12:53 Feudal Age
21:17 Castle Age
19:53 Scale Mail Armor
20:05 Forging
19:44 Double-Bit Axe
19:53 Man-at-Arms
20:31 Horse Collar
24:57 Heavy Plow
25:56 Bow Saw
28:02 Long Swordsman
31:12 Wheelbarrow
30:27 Town Watch
31:05 Chain Mail Armor
33:01 Iron Casting
33:55 Hand Cart
36:34 Imperial Age
36:06 Hand Cart
36:49 Legionary
37:39 Scale Barding Armor
38:35 Blast Furnace
37:14 Capped Ram
38:13 Gold Mining
38:19 Stone Mining
39:45 Comitatenses
40:58 Siege Ram
41:44 Heavy Scorpion
43:22 Ballistas
45:19 Pikeman
46:01 Squires
Scabby flute
0:29 Loom
9:38 Feudal Age
11:36 Wheelbarrow
14:53 Town Watch
14:58 Double-Bit Axe
16:03 Horse Collar
23:05 Castle Age
24:01 Heavy Plow
24:58 Bow Saw
25:09 Hand Cart
28:12 Stone Mining
29:14 Fortified Wall
31:47 Gold Mining
36:07 Imperial Age
34:01 Husbandry
33:38 Light Cavalry
35:23 Gold Shaft Mining
35:57 Bloodlines
36:37 Ballistics
36:16 Murder Holes
37:13 Hussar
38:33 Conscription
38:14 Tusk Swords
39:29 Crop Rotation
40:07 Chemistry
39:53 Double Crossbow
40:44 Elite Ballista Elephant
42:29 Forging
42:27 Scale Barding Armor
43:37 Chain Barding Armor
Spreadybrek
0:33 Loom
13:01 Feudal Age
14:49 Double-Bit Axe
14:51 Horse Collar
15:50 Wheelbarrow
15:01 Town Watch
24:17 Castle Age
24:48 Stone Mining
24:59 Gold Mining
27:15 Bow Saw
27:33 Heavy Plow
28:38 Fortified Wall
31:32 Forging
31:15 Fletching
33:04 Gold Shaft Mining
34:55 Hand Cart
34:57 Man-at-Arms
35:43 Squires
36:15 Ballistics
35:56 Murder Holes
36:17 Caravan
37:44 Town Patrol
40:23 Imperial Age
39:22 Iron Casting
38:46 Bodkin Arrow
40:06 Scale Mail Armor
41:10 Ballistas
40:38 Long Swordsman
44:19 Legionary
47:14 Heavy Scorpion
48:33 Chain Mail Armor
49:59 Chemistry
Connection lost

Rejoining the realm…

Still unreachable

The connection could not be restored.

Session expired

The server has moved on; the page needs a fresh start.